 Dungeon Crawl Stone Soup version 0.26.1-11-gd32895ea62 (webtiles) character file.

Game seed: 13648065134678512639

113 KenzoKunn the Shield-Bearer (level 4, -2/29 HPs)
             Began as a Gargoyle Fighter on June 25, 2021.
             Killed from afar by Sigmund (5 damage)
             ... with a puff of flame
             ... on level 3 of the Dungeon.
             The game lasted 00:21:09 (2540 turns).

KenzoKunn the Shield-Bearer (Gargoyle Fighter)      Turns: 2540, Time: 00:21:10

Health: -2/29      AC: 10    Str: 20    XL:     4   Next: 96%
Magic:  4/4        EV:  7    Int:  9    God:
Gold:   109        SH:  9    Dex:  9    Spells: 3/3 levels left

rFire    + . .     SeeInvis .   a - +0 flail
rCold    x . .     Faith    .   c - +0 kite shield
rNeg     + . .     Spirit   .   b - +0 scale mail
rPois    ∞         Reflect  .   (no helmet)
rElec    +         Harm     .   (no cloak)
rCorr    .         Rampage  .   (no gloves)
Will     .....                  (no boots)
Stlth    ..........             (no amulet)
HPRegen  0.09/turn              q - ring of fire
MPRegen  0.09/turn              (no ring)

@: no status effects
A: negative energy resistance 1, electricity resistance, unbreathing,
petrification resistance, miasma immunity, AC +3
a: no special abilities


You were on level 3 of the Dungeon.
You visited 1 branch of the dungeon, and saw 3 of its levels.

You collected 109 gold pieces.

Inventory:

Hand Weapons
 a - a +0 flail (weapon)
 g - a +0 whip
 j - a +0 hand axe
 m - a +0 mace
 C - a cursed -2 dagger
Missiles
 e - 6 silver boomerangs
 f - 53 arrows
 k - 2 atropa-tipped darts (quivered)
 o - 8 poisoned darts
 p - 16 bolts
Armour
 b - a +0 scale mail (worn)
 c - a +0 kite shield (worn)
 l - a +0 ring mail
Jewellery
 q - a ring of fire (left hand)
 u - an uncursed ring of fire
Wands
 B - a wand of paralysis (10)
Scrolls
 i - 3 scrolls of remove curse {unknown}
 r - a scroll of noise {unknown}
 s - a scroll of blinking {unknown}
 x - a scroll of identify
 y - a scroll of fog
 z - a scroll of teleportation {unknown}
Potions
 d - 2 potions of might
 h - a potion of invisibility {unknown}
 n - 2 potions of curing
 t - a potion of cancellation {unknown}
 v - a potion of heal wounds {unknown}
 w - a potion of resistance {unknown}
 A - a potion of magic {unknown}


   Skills:
 + Level 3.8 Fighting
 + Level 3.1 Maces & Flails
 + Level 0.2 Throwing
 + Level 3.9 Armour
 + Level 0.1 Dodging
 + Level 0.2 Stealth
 + Level 4.3 Shields


You had 3 spell levels left.
You didn't know any spells.
Your spell library was empty.

Dungeon Overview and Level Annotations

Branches:
Dungeon (3/15)

Altars:
Trog

Portals:
Sewer: D:3

Annotations:
D:3 Sigmund


Innate Abilities, Weirdness & Mutations

You are resistant to torment.
Your stone body is resilient. (AC +3)
You are immune to poison.
You resist negative energy. (rN+)
You are resistant to electric shocks. (rElec)
You can survive without breathing.
You are immune to petrification.
You are immune to miasma.


Message History

The orc is almost dead.
The orc hits you but does no damage. Something hits you but does no damage.
The orc hits you with a +0 club.
You hit the orc.
You kill the orc!
Something hits you but does no damage. Something hits you but does no damage.
Unknown command.
Something hits you!
You see here a +0 club.
You hit something. You closely miss something. Something hits you!
* * * LOW HITPOINT WARNING * * *
You feel better. Something hits you but does no damage.
You miss something. Something hits you.
* * * LOW HITPOINT WARNING * * *
You hear some strange, mumbled words.
A puff of flame appears from out of thin air!
The puff of flame hits you. You resist.
You die...

..... #..#...#.
..... #..#....
......#......#
......#.#....
......#.#...#
........#.>.# #
........##..##.#
......{)@......#
.......###..####
....... #..#
.......
#..#####.
#.#####
#........ #.#
######.######.
#.#
#.............
#.#
#.####........
#.# #.#
#.#######...#


There were no monsters in sight!

Vanquished Creatures
  Robin (D:2)
  2 adders (D:2)
  An ooze (D:2)
  A worm (D:2)
  A dart slug (D:2)
  2 leopard geckos
  An orc (D:3)
  5 bats
  3 giant cockroaches
  10 goblins
  13 hobgoblins
  5 jackals
  2 quokkas (D:2)
  A ball python (D:2)
  6 frilled lizards
  8 kobolds
  5 rats
67 creatures vanquished.

Notes
Turn   | Place    | Note
-------+----------+-------------------------------------------
     0 | D:1      | KenzoKunn the Gargoyle Fighter began the quest for the Orb.
     0 | D:1      | Reached XP level 1. HP: 14/14 MP: 1/1
   128 | D:1      | Reached XP level 2. HP: 18/19 MP: 2/2
   767 | D:1      | Reached XP level 3. HP: 23/23 MP: 3/3
  1267 | D:2      | Noticed Robin
  1272 | D:2      | Reached skill level 4 in Shields
  1284 | D:2      | Killed Robin
  1285 | D:2      | Reached XP level 4. HP: 27/29 MP: 4/4
  2352 | D:3      | Found a bloodstained altar of Trog.
  2438 | D:3      | Found a glowing drain.
  2524 | D:3      | Noticed Sigmund
  2540 | D:3      | Killed from afar by Sigmund

Illustrated notes

Levels and vault maps discovered:
D:1:      moated_graveyard_arrival, layout_basic
D:2:      layout_loops_corners, minmay_misc_feat_columns,
          roderic_serpentine_path, minmay_close_crescents, uniq_robin
D:3:      layout_basic, bloody_trog, gup_sewer_entry_glass, uniq_sigmund

Skill      XL: |  1  2  3  4 |
---------------+-------------+-----
Shields        | 4 |  4.3
Maces & Flails | 3 |  3.1
Fighting       | |  3.8
Throwing       | |  0.2
Armour         | |  3.9
Dodging        | |  0.1
Stealth        | |  0.2

Action                   |  1- 3 |  4- 6 || total
-------------------------+-------+-------++-------
Melee: Flail             |   150 |   101 ||   251
Throw: Dart              |    12 |     1 ||    13
  Use: Scroll            |     3 |     1 ||     4
       Potion            |       |     2 ||     2
Armor: Scale mail        |    77 |    53 ||   130
Dodge: Dodged            |    36 |    39 ||    75
Block: Kite shield       |    67 |    52 ||   119
